Map: Port Aleksander LE

Players

JoDSolo - Winner!

  • Race: Zerg Zerg
  • League: Diamond
  • Spawn Location: 11:00

Aklet

  • Race: Zerg Zerg
  • League: Diamond
  • Spawn Location: 5:00

VOD

Have the link to the VOD?

Description

Time

  • Played on: April 1, 2019, 1:15 p.m.
  • Length: 4:13
Show
View Real Time Build Order
Export as new Build Order

JoDSolo Zerg - Winner!

Build Orders: Hatch First 

Get SALT Encoding   

  12  0:01  Drone  
  13  0:08  Drone  
  14  0:15  Extractor  
  14  0:16  Drone  
  15  0:39  Hatchery  
  14  0:42  Extractor  
  14  0:45  Drone  
  14  1:03  Spawning Pool  
  13  1:10  Drone  
  14  1:11  Drone, Extractor  
  15  1:20  Overlord  
  15  1:52  Queen  
  15  1:53  Queen  
  19  1:57  Metabolic Boost  
  19  2:05  Zergling x4  
  21  2:14  Zergling x4  
  23  2:19  Overlord  
  23  2:32  Zergling x2  
  23  2:33  Zergling x6  
  27  2:41  Zergling x2  
  27  2:42  Zergling x2  
  29  2:56  Zergling x4  
  29  2:57  Zergling x2  
  32  3:05  Zergling x8  
  33  3:12  Overlord  
  36  3:32  Zergling x10  
  37  3:39  Zergling x2  
Show
View Real Time Build Order
Export as new Build Order

Aklet Zerg 

Build Orders: Hatch First 

Get SALT Encoding   

  12  0:01  Drone  
  13  0:08  Drone  
  14  0:18  Overlord  
  14  0:36  Drone x3  
  17  0:54  Extractor  
  16  0:58  Hatchery  
  15  1:09  Spawning Pool  
  14  1:12  Drone  
  14  1:18  Drone  
  16  1:20  Drone  
  17  1:29  Drone  
  18  1:34  Drone  
  19  1:44  Overlord  
  19  1:56  Metabolic Boost  
  19  1:57  Queen  
  21  2:02  Zergling x2  
  21  2:08  Drone  
  23  2:11  Drone  
  24  2:19  Queen  
  24  2:21  Zergling x2  
  27  2:25  Drone  
  27  2:28  Drone  
  29  2:44  Drone x3, Extractor  
  32  2:51  Drone  
  32  2:53  Overlord  
  32  3:16  Spine Crawler  
  32  3:18  Spine Crawler  
  30  3:20  Spine Crawler  
Tags
 
Add a new tag
Caveats
  • Supply blocks, unpowered buildings, or Contaminate may cause inaccurate times.
  • Supply counts are checked every 10 seconds.